AoeStats
← tarepo

Arena

508681591Analyzed
4v4 RM · 7d ago on Sep 23, 2026· 63m 41s· 8 players
Game mode
Random Map
Map size
Large (8 player)
Population
200
Speed
Normal
Resources
Standard
Victory
Conquest
Starting age
Dark Age
Ending age
Imperial Age
RankedLock teamsTeams togetherTeam positionsShared explorationLock speedFull tech treeHidden civsTurbo modeCheats
Victory
Defeat
🇨🇿 Turks · Czechia
751
+13
🇮🇹 Hindustanis · Italy
725
+14
🇺🇸 Saxons · United States
689
+15
🇨🇭 Franks · Switzerland
665
+16
🇦🇷 Saracens · Argentina
818
-20
🇺🇸 Bohemians · United States
808
-20
🇺🇸 Vikings · United States
567
-10
🇨🇱 Malay · Chile
495
-8
swirlygig
7:50 Loom
10:44 Feudal Age
11:14 Double-Bit Axe
12:07 Horse Collar
14:35 Wheelbarrow
14:32 Gold Mining
19:45 Castle Age
18:34 Stone Mining
20:56 Bow Saw
26:08 Heavy Plow
27:35 Forging
29:05 Fletching
29:52 Iron Casting
29:44 Hand Cart
29:30 Man-at-Arms
29:57 Gambesons
30:13 Squires
34:37 Imperial Age
35:01 Bodkin Arrow
36:46 Two-Man Saw
36:28 Arson
36:47 Scale Mail Armor
36:46 Shield Wall
38:27 Crop Rotation
38:06 Treadmill Crane
42:33 Chain Mail Armor
45:12 Plate Mail Armor
44:46 Caravan
44:38 Town Watch
45:42 Elite Hearth Troop
47:34 Pikeman
48:19 Elite Varangian Guard
51:07 Chemistry
50:28 Ballistics
51:51 Onager
53:20 Padded Archer Armor
53:20 Bracer
55:37 Long Swordsman
57:03 Capped Ram
57:13 Capped Ram
57:21 Halberdier
57:45 Two-Handed Swordsman
59:19 Conscription
62:55 Illumination
63:07 Theocracy
62:48 Block Printing
61:56 Clerical Recruitment
tarepo
11:30 Feudal Age
17:28 Castle Age
15:57 Double-Bit Axe
17:40 Gold Mining
17:48 Stone Mining
18:38 Wheelbarrow
18:47 Bow Saw
19:20 Loom
21:35 Hand Cart
22:46 Squires
24:47 Town Watch
24:34 Pikeman
28:53 Husbandry
29:39 Scale Mail Armor
29:50 Forging
32:10 Scale Barding Armor
32:41 Iron Casting
33:08 Caravan
37:27 Imperial Age
36:32 Gold Shaft Mining
35:37 Light Cavalry
36:43 Chain Barding Armor
38:00 Onager
39:59 Plate Barding Armor
40:24 Blast Furnace
39:25 Padded Archer Armor
39:47 Cavalier
41:00 Conscription
40:01 Elite Throwing Axeman
42:28 Gambesons
42:03 Man-at-Arms
43:51 Chain Mail Armor
43:00 Long Swordsman
45:08 Plate Mail Armor
44:29 Paladin
46:22 Chemistry
45:33 Masonry
45:19 Murder Holes
45:35 Fortified Wall
45:10 Treadmill Crane
46:42 Two-Handed Swordsman
48:35 Champion
49:03 Arson
50:42 Leather Archer Armor
57:00 Halberdier
63:27 Chivalry
amx™ (SPREAD LOVE)
8:00 Loom
9:23 Loom
12:15 Feudal Age
13:05 Double-Bit Axe
17:47 Castle Age
18:36 Stone Mining
18:40 Gold Mining
18:51 Horse Collar
22:30 Bow Saw
24:22 Scale Mail Armor
24:26 Padded Archer Armor
27:35 Wheelbarrow
32:54 Imperial Age
30:41 Hand Cart
30:14 Town Watch
32:57 Fletching
33:35 Heavy Plow
34:38 Two-Man Saw
34:16 Gold Shaft Mining
38:19 Hoardings
37:52 Elite Janissary
43:40 Artillery
49:13 Leather Archer Armor
48:54 Bodkin Arrow
56:53 Ring Archer Armor
andrea.arces2
7:20 Loom
11:05 Feudal Age
12:25 Double-Bit Axe
16:05 Gold Mining
17:03 Wheelbarrow
18:41 Castle Age
18:32 Wheelbarrow
18:09 Scale Barding Armor
18:19 Bloodlines
19:11 Stone Mining
19:51 Horse Collar
25:15 Forging
26:23 Bow Saw
27:12 Husbandry
27:39 Hand Cart
28:18 Iron Casting
28:05 Fervor
28:47 Heavy Plow
33:20 Imperial Age
31:44 Grand Trunk Road
33:33 Elite Ghulam
34:35 Conscription
34:37 Masonry
34:24 Murder Holes
36:27 Caravan
38:43 Gold Shaft Mining
39:44 Blast Furnace
38:47 Scale Mail Armor
40:08 Chain Barding Armor
39:41 Fletching
39:52 Padded Archer Armor
40:57 Stone Shaft Mining
41:30 Heavy Camel Rider
43:03 Imperial Camel Rider
43:16 Light Cavalry
48:36 Hussar
52:39 Chemistry
51:47 Siege Engineers
56:02 Plate Barding Armor
55:43 Chain Mail Armor
Boundless316
5:35 Loom
10:55 Feudal Age
12:11 Wheelbarrow
11:21 Horse Collar
11:28 Double-Bit Axe
18:40 Castle Age
19:36 Hand Cart
19:34 Bow Saw
19:28 Heavy Plow
31:40 Imperial Age
30:55 Caravan
31:58 Chemistry
31:20 Ballistics
32:01 Town Watch
33:22 Two-Man Saw
33:16 Coinage
32:56 Guilds
32:29 Pikeman
33:43 Conscription
33:36 Squires
35:36 Wagenburg Tactics
36:34 Banking
36:32 Houfnice
38:02 Halberdier
38:28 Arson
39:45 Arrowslits
40:05 Siege Engineers
40:15 Masonry
40:15 Fortified Wall
40:03 Murder Holes
43:51 Fletching
44:02 Padded Archer Armor
44:03 Scale Mail Armor
44:13 Forging
44:32 Scale Barding Armor
44:45 Bodkin Arrow
45:06 Leather Archer Armor
45:06 Chain Mail Armor
45:29 Iron Casting
45:35 Bracer
46:34 Plate Mail Armor
46:34 Ring Archer Armor
48:05 Blast Furnace
48:46 Man-at-Arms
50:54 Architecture
50:25 Elite Skirmisher
52:03 Town Patrol
53:45 Elite Hussite Wagon
ruskihitman1
11:33 Feudal Age
10:07 Loom
13:42 Double-Bit Axe
13:52 Gold Mining
13:47 Horse Collar
14:21 Town Watch
21:15 Castle Age
22:16 Crossbowman
23:15 Heavy Plow
23:32 Bow Saw
24:14 Town Patrol
24:16 Light Cavalry
26:41 Elite Skirmisher
34:55 Imperial Age
32:45 Stone Mining
36:30 Arbalester
36:35 Cavalier
42:03 Crop Rotation
44:43 Padded Archer Armor
44:49 Scale Barding Armor
44:44 Scale Mail Armor
44:55 Forging
44:35 Fletching
50:46 Gold Shaft Mining
51:41 Masonry
51:29 Elite Berserk
AlandorH
11:03 Feudal Age
17:31 Castle Age
15:25 Double-Bit Axe
15:55 Horse Collar
16:37 Stone Mining
16:38 Gold Mining
21:54 Wheelbarrow
24:47 Town Watch
25:52 Bloodlines
28:38 Husbandry
30:31 Ballistics
30:07 Loom
30:40 Caravan
34:58 Imperial Age
33:42 Bow Saw
33:57 Scale Barding Armor
34:12 Masonry
35:04 Gold Mining
35:42 Bimaristan
36:44 Chemistry
36:06 Conscription
36:00 Forging
37:05 Chain Barding Armor
37:38 Heavy Plow
38:27 Elite Mameluke
40:44 Iron Casting
40:00 Fletching
42:38 Gold Shaft Mining
42:52 Hand Cart
43:36 Siege Engineers
45:04 Plate Barding Armor
44:25 Bodkin Arrow
46:35 Blast Furnace
45:37 Padded Archer Armor
47:52 Two-Man Saw
48:39 Town Patrol
48:43 Bracer
48:10 Heavy Camel Rider
maximo.cmd
0:54 Loom
10:09 Feudal Age
12:36 Wheelbarrow
13:27 Double-Bit Axe
13:25 Man-at-Arms
19:26 Arson
20:04 Horse Collar
28:33 Stone Mining
28:33 Gold Mining
38:08 Castle Age
39:17 Hand Cart
38:27 Long Swordsman
38:31 Crossbowman
39:17 Thumb Ring
40:03 Stone Shaft Mining
40:03 Gold Shaft Mining
39:42 Bow Saw
39:36 Heavy Plow
40:39 Forging
40:35 Scale Barding Armor
45:41 Imperial Age
43:16 Husbandry
45:57 Cavalier
47:49 Iron Casting
54:16 Pikeman
54:57 Squires
55:38 Halberdier
60:09 Crop Rotation
Connection lost

Rejoining the realm…

Still unreachable

The connection could not be restored.

Session expired

The server has moved on; the page needs a fresh start.